 Dungeon Crawl Stone Soup version 0.21-a0-538-gd16b88a (webtiles) character file.

493 slep the Chopper (level 7, 0/36 HPs)
             Began as a Vine Stalker Gladiator on Dec 16, 2017.
             Slain by an orc
             ... wielding a cursed +0 short sword
              (1 damage)
             ... on level 4 of the Dungeon.
             The game lasted 00:10:01 (2318 turns).

slep the Chopper (Vine Stalker Gladiator)           Turns: 2318, Time: 00:10:02

Health: 0/36       AC:  7    Str: 17    XL:     7   Next: 15%
Magic:  0/8        EV: 13    Int:  8    God:
Gold:   160        SH:  0    Dex: 17    Spells: 6/6 levels left

rFire    . . .     SeeInvis .   a - +0 war axe
rCold    . . .     Gourm    .   (no shield)
rNeg     . . .     Faith    .   b - +0 leather armour
rPois    .         Spirit   +   c - +0 helmet
rElec    .         Reflect  .   (no cloak)
rCorr    .         Harm     .   j - +2 pair of gloves
MR       .....                  (no boots)
Stlth    ++........             (no amulet)
HPRegen  0.52/turn              (no ring)
MPRegen  0.11/turn              (no ring)

@: no status effects
A: fangs 2, regeneration 1, magic shield, antimagic bite, no potion heal 3, rot
immunity
a: no special abilities


You were on level 4 of the Dungeon.
You were hungry.

You visited 1 branch of the dungeon, and saw 4 of its levels.

You collected 160 gold pieces.

Inventory:

Hand Weapons
 a - a +0 war axe (weapon)
Missiles
 d - 3 throwing nets (quivered)
 r - 42 sling bullets
 t - 5 curare-tipped needles
Armour
 b - a +0 leather armour (worn)
 c - a +0 helmet (worn)
 j - a +2 pair of gloves (worn)
Scrolls
 e - 3 scrolls of amnesia {unknown}
 g - a scroll of magic mapping {unknown}
 h - a scroll of teleportation {unknown}
 l - 4 scrolls of identify {unknown}
 o - a scroll of remove curse {unknown}
 q - a scroll of immolation {unknown}
Potions
 i - 2 potions of heal wounds {unknown}
 k - 3 potions of curing {unknown}
 m - a potion of berserk rage {unknown}
 n - a potion of haste {unknown}
Comestibles
 f - 2 bread rations
 p - 2 meat rations
 s - a royal jelly


   Skills:
 + Level 3.0 Fighting
 + Level 5.4 Axes
 + Level 2.0 Throwing
 + Level 1.7 Armour
 + Level 3.3 Dodging
 + Level 2.0 Stealth


You had 6 spell levels left.
You didn't know any spells.

Dungeon Overview and Level Annotations

Branches:
Dungeon (4/15)
 Temple: D:4-7

Altars:
Qazlal


Innate Abilities, Weirdness & Mutations

You have extremely sharp teeth.
Your natural rate of healing is unusually fast.
When hurt, damage is shared between your health and your magic reserves.
Your bite disrupts and absorbs the magic of your enemies.
Potions cannot restore your health.
You are immune to rotting.


Message History

You hit the orc. Your bite misses the orc.
The orc is moderately wounded.
You hit something but do no damage. Something hits you but does no damage.
The orc hits you but does no damage.
You closely miss something. Your bite misses something. You hit the orc.
The orc hits you but does no damage. Something completely misses you.
You barely miss something. Your bite misses something. You hit the orc.
The orc hits you but does no damage. Something hits you.
* * * LOW HITPOINT WARNING * * *
The orc hits you but does no damage. Something hits you but does no damage.
You completely miss something. Your bite misses something.
You barely miss the orc. Something hits you but does no damage.
The orc barely misses you.
You closely miss something. Your bite misses something.
You closely miss the orc. The orc hits you but does no damage.
Something hits you.
* * * LOW HITPOINT WARNING * * *
You closely miss something. You hit the orc but do no damage.
The orc hits you with a short sword.
You die...

#.#####.. ).. .. #.# #>.
...... # #.# #.. ##
..... .# #.# #.. ...
..#.###.###.# #..
....##.#.........# #..
.......#.....#########..
......o#................
#)@)..#.#..######.#
#.{...#.#..##......
#.....#.#..##.####.
##.....#............
#.......'............
#.#.....#............
#.......#........###.
#########....#.......
#....#.#.###.


You could see an orc.

Vanquished Creatures
  Sigmund (D:2)
  A centaur (D:3)
  An orc priest (D:4)
  Natasha (twice) (D:3)
  Robin (D:3)
  7 adders
  An ooze (D:2)
  2 worms (D:2)
  5 dart slugs
  3 leopard geckos
  4 orcs
  2 ball pythons
  6 bats
  2 giant cockroaches
  17 goblins
  8 hobgoblins
  11 jackals (D:3)
  2 quokkas (D:3)
  4 frilled lizards
  6 kobolds
  3 rats (D:2)
  2 plants (D:3)
91 creatures vanquished.

Notes
Turn   | Place    | Note
-------+----------+-------------------------------------------
     0 | D:1      | slep the Vine Stalker Gladiator began the quest for the Orb.
     0 | D:1      | Reached XP level 1. HP: 11/11 MP: 2/2
    61 | D:1      | Reached XP level 2. HP: 14/15 MP: 3/3
    87 | D:1      | Reached skill level 3 in Axes
   266 | D:1      | Reached XP level 3. HP: 12/18 MP: 4/4
   527 | D:2      | Gained mutation: Your natural rate of healing is unusually fast. [Vine Stalker growth]
   527 | D:2      | Reached XP level 4. HP: 10/23 MP: 5/5
   692 | D:2      | Noticed Sigmund
   704 | D:2      | Killed Sigmund
   704 | D:2      | Reached skill level 4 in Axes
   704 | D:2      | Reached skill level 1 in Armour
   704 | D:2      | Reached skill level 1 in Stealth
   704 | D:2      | Reached XP level 5. HP: 14/27 MP: 4/6
   704 | D:2      | Reached XP level 6. HP: 17/32 MP: 4/7
  1001 | D:3      | Noticed Robin
  1015 | D:3      | Killed Robin
  1173 | D:3      | Reached skill level 5 in Axes
  1497 | D:3      | Noticed Natasha
  1504 | D:3      | Killed Natasha
  1815 | D:3      | Noticed Natasha
  1819 | D:3      | Killed Natasha
  1819 | D:3      | Reached XP level 7. HP: 35/35 MP: 8/8
  1864 | D:3      | Found a stormy altar of Qazlal.
  2315 | D:4      | HP: 1/36 [something (3)]
  2318 | D:4      | Slain by an orc

Vault maps used:
D:1:      shiori_arrival_oz
D:2:      minmay_misc_feat_secret_circle, uniq_sigmund
D:3:      marbit_many_paths, serial_forest, infiniplex_forest_clump_medium,
          infiniplex_forest_fountain, infiniplex_forest_end_2,
          infiniplex_forest_end_double, infiniplex_forest_diagonal,
          infiniplex_forest_clump_cross, first_bread, uniq_natasha, uniq_robin
D:4:      minmay_temple_entry_grid

Skill      XL: |  1  2  3  4  5  6  7 |
---------------+----------------------+-----
Axes           | 3 4 5 |  5.4
Fighting       | 2 3 |  3.0
Throwing       | 2 |  2.0
Armour         | 1 |  1.7
Dodging        | 3 |  3.3
Stealth        | 1 2 |  2.0

Action                   |  1- 3 |  4- 6 |  7- 9 || total
-------------------------+-------+-------+-------++-------
Melee: War axe           |    71 |   161 |    21 ||   253
       Bite              |    17 |    53 |     7 ||    77
 Stab: Sleeping          |     2 |     5 |     1 ||     8
  Eat: Chunk             |       |     3 |     1 ||     4
Armor: Leather armour    |    36 |    59 |    10 ||   105
Dodge: Dodged            |    61 |   118 |    12 ||   191

Table legend:
 A = Spawn XP
 B = Non-spawn XP
 C = Spawn XP percentage of total XP
 D = Spawn monster count
 E = Non-spawn monster count
 F = Spawn count percentage of total count
 G = Total turns spent on level
                    A         B        C        D         E        F      G
               +---------+---------+-------+---------+---------+-------+---------
         Total |       0 |     705 |   0.0 |       0 |      89 |   0.0 |  2318
               +---------+---------+-------+---------+---------+-------+---------
           D:1 |       0 |      40 |   0.0 |       0 |      17 |   0.0 |   380
           D:2 |       0 |     325 |   0.0 |       0 |      26 |   0.0 |   601
           D:3 |       0 |     293 |   0.0 |       0 |      43 |   0.0 |  1265
           D:4 |       0 |      47 |   0.0 |       0 |       3 |   0.0 |    72
               +---------+---------+-------+---------+---------+-------+---------
